 Dungeon Sprint DCSS version 0.30-a0-802-gb92711bcdf (webtiles) character file.

Game seed: 15330988824281316476

9512023 retardedninja the Axe Maniac (level 19, 205/207 HPs)
             Began as a Minotaur Fighter on Feb 23, 2023.
             Was the Champion of Trog.
             Escaped with the Orb
             ... and 5 runes on Feb 24, 2023!
             The game lasted 00:38:09 (17526 turns).

retardedninja the Axe Maniac (Minotaur Fighter)    Turns: 17526, Time: 00:38:10

Health: 205/207    AC: 43    Str: 32    XL:     19   Next: 57%
Magic:  25/25      EV: 16    Int:  6    God:    Trog [******]
Gold:   1070       SH: 27    Dex: 10    Spells: 18/18 levels left

rFire   + . .      SeeInvis .    c - +5 broad axe of Trog's Anger {heavy, rElec rN+ Str+3 Dex+3}
rCold   + + +      Faith    .    m - +3 tower shield {AC+3}
rNeg    + . .      Spirit   .    x - +3 gold dragon scales
rPois   +          Reflect  .    t - +0 hat {Will+}
rElec   +          Harm     .    e - +1 cloak {Will+}
rCorr   +          Rampage  .    u - +1 pair of gloves
Will    +++++      Rage     3%   n - +2 pair of boots
Stlth   +          NoTele   +    A - amulet "Zukhys" {rElec rC+ Will+ Regen+}
HPRegen 1.34/turn                C - ring "Lafajod" {rElec rC+++ rCorr Str-2 Int+3}
MPRegen 0.19/turn                B - ring "Qebais" {Will+ Str+3 Slay+5}

@: no status effects
A: horns 2, retaliatory headbutt, berserk 1, clumsy 2, dopey 1, inability to
drink after injury 1
0: Orb of Zot
}: 5/17 runes: decaying, serpentine, barnacled, silver, gossamer
a: Renounce Religion, Berserk, Trog's Hand, Brothers in Arms


You escaped.
You worshipped Trog.
Trog was exalted by your worship.
You visited 1 branch You collected 1969 gold pieces.
You spent 899 gold pieces at shops.

Inventory:

Hand Weapons
 a - the +4 broad axe of Circular Logic {antimagic, rElec rN+ Stlth-}
   (Trog gifted it to you in the Dungeon)

   rElec:     It insulates you from electricity.
   rN:        It protects you from negative energy.
   Stlth:     It makes you less stealthy.
 c - the +5 broad axe of Trog's Anger (weapon) {heavy, rElec rN+ Str+3 Dex+3}
   (Trog gifted it to you in the Dungeon)

   Str:       It affects your strength (+3).
   Dex:       It affects your dexterity (+3).
   rElec:     It insulates you from electricity.
   rN:        It protects you from negative energy.
Missiles
 j - 5 silver javelins (quivered)
Armour
 e - a +1 cloak of willpower (worn)
 m - a +3 tower shield of protection (worn)
 n - a +2 pair of boots (worn)
 t - a +0 hat of willpower (worn)
 u - a +1 pair of gloves (worn)
 x - +3 gold dragon scales (worn)
Jewellery
 A - the amulet "Zukhys" (around neck) {rElec rC+ Will+ Regen+}
   (You found it in the Dungeon)

   [amulet of regeneration]

   rC:        It protects you from cold.
   rElec:     It insulates you from electricity.
   Regen:     It increases your rate of health regeneration.
   Will:      It increases your willpower.
 B - the ring "Qebais" (right hand) {Will+ Str+3 Slay+5}
   (You found it in the Dungeon)

   [ring of strength]

   Str:       It affects your strength (+3).
   Slay:      It affects your accuracy & damage with ranged weapons and melee
   (+5).
   Will:      It increases your willpower.
 C - the ring "Lafajod" (left hand) {rElec rC+++ rCorr Str-2 Int+3}
   (You found it in the Dungeon)

   [ring of intelligence]

   Str:       It affects your strength (-2).
   Int:       It affects your intelligence (+3).
   rC:        It renders you almost immune to cold.
   rElec:     It insulates you from electricity.
   rCorr:     It protects you from acid and corrosion.
Wands
 v - a wand of digging (8)
Scrolls
 g - 6 scrolls of fear
 i - 3 scrolls of identify
 s - a scroll of blinking
Potions
 b - 7 potions of heal wounds
 d - a potion of haste
 f - 2 potions of curing
 h - 9 potions of magic
 k - 4 potions of mutation
 l - a potion of cancellation {unknown}
 o - 2 potions of might
 r - a potion of ambrosia {unknown}


   Skills:
 O Level 27 Fighting
 - Level 9.8(11.4) Short Blades
 - Level 10.3(12.2) Long Blades
 O Level 27 Axes
 - Level 10.2(21.1) Maces & Flails
 - Level 10.2(21.1) Polearms
 - Level 10.2(13.5) Staves
 + Level 12.2 Ranged Weapons
 O Level 27 Throwing
 O Level 27 Armour
 O Level 27 Dodging
 * Level 23.1 Stealth
 O Level 27 Shields
 + Level 11.0 Unarmed Combat
 + Level 10.0 Invocations
 * Level 23.0 Evocations


You had 18 spell levels left.
You didn't know any spells.
Your spell library was empty.

Dungeon Overview and Level Annotations

Branches:
Dungeon (1/1)

Altars:
Cheibriados
Dithmenos
Elyvilon
Fedhas
Gozag
Hepliaklqana
Kikubaaqudgha
Makhleb
Nemelex Xobeh
Okawaru
Qazlal
Ru
Sif Muna
Trog
Uskayaw
Vehumet
Wu Jian
Xom
Yredelemnul
Zin
The Shining One
Jiyva
Lugonu

Shops:
D !=?[


Innate Abilities, Weirdness & Mutations

You have a pair of horns on your head.
You reflexively headbutt those who attack you in melee.
You sometimes lose your temper in combat.
You are very clumsy. (Dex -4)
You are dopey. (Int -2)
You occasionally lose the ability to drink potions when taking damage.


Message History

Things that are here:
a +0 robe; a +0 dagger
There is a glowing golden altar of the Shining One here.
Things that are here:
a +0 giant spiked club; a +0 giant club; a +0 shortbow
There is a glowing silver altar of Zin here.
There is a basalt altar of Yredelemnul, spattered with blood here.
You feel the effects of Trog's Hand fading.
There is a shimmering altar of Xom here.
There is an ornate altar of the Wu Jian Council here.
There is a radiant altar of Vehumet here.
There is a hide-covered altar of Uskayaw here.
Your skin stops crawling.
You feel less strong-willed.
There is a bloodstained altar of Trog here.
There is a shimmering blue altar of Sif Muna here.
There is a sacrificial altar of Ru here.
There is a stormy altar of Qazlal here.
There is an iron altar of Okawaru here.
There is a sparkling altar of Nemelex Xobeh here.
There is a burning altar of Makhleb here.
There is a corrupted altar of Lugonu here.
There is an ancient bone altar of Kikubaaqudgha here.
There is a viscous altar of Jiyva here.
There is a hazy altar of Hepliaklqana here.
There is an opulent altar of Gozag here.
You feel yourself speed up.
There is a blossoming altar of Fedhas here.
There is a white marble altar of Elyvilon here.
There is a shadowy altar of Dithmenos here.
There is a snail-covered altar of Cheibriados here.
There is a roughly hewn altar of Beogh here.
There is an open door to the Temple here.
You recover from your berserk rage.
There is an open door, spattered with blood here.
Things that are here:
a +0 scale mail; a +0 short sword
There is an open door to the Dungeon, spattered with blood here.
You see here a +0 dagger.
There is a staircase leading out of the dungeon here.
You have escaped!

▓............)[)[(
▓.▓▓▓▓▓▓▓▓▓▓▓▓▓▓▓▓
▓..)....).........
▓▓▓▓▓▓▓▓▓▓▓▓▓▓▓▓▓▓
▓.......'!.....)?)
▓.▓▓▓▓▓▓▓▓▓▓▓▓▓▓▓▓
▓........)........
▓▓▓▓▓▓▓▓▓▓▓▓▓▓▓▓▓▓
▓@...).....[.....'
▓▓▓▓▓▓▓▓▓▓▓▓▓▓▓▓▓▓


There were no monsters in sight!

Vanquished Creatures
  A seraph (D)
  3 ancient liches (D)
  4 orbs of fire (D)
  A pandemonium lord (D)
  Boris (twice) (D)
  Xtahua (D)
  Margery (D)
  3 golden dragons (D)
  A Brimstone Fiend (D)
  A profane servitor (D)
  8 electric golems (D)
  3 Tzitzimimeh (D)
  2 Ice Fiends (D)
  5 tentacled monstrosities (D)
  29 Orb Guardians (D)
  3 Hell Sentinels (D)
  2 titans (D)
  A quicksilver dragon (D)
  An Executioner (D)
  4 death cobs (D)
  3 storm dragons (D)
  Kirke (D)
  2 draconian monks (D)
  8 nagarajas (D)
  6 shadow dragons (D)
  Louise (D)
  2 fire giants (D)
  3 frost giants (D)
  A daeva (D)
  2 draconian knights (D)
  A draconian scorcher (D)
  3 emperor scorpions (D)
  4 ghost moths (D)
  5 vault wardens (D)
  A balrug (D)
  4 angels (D)
  2 ironbound preservers (D)
  3 draconian annihilators (D)
  3 very ugly things (D)
  A quicksilver ooze (shapeshifter) (D)
  2 cacodemons (D)
  5 stone giants (D)
  An eleionoma (D)
  A red draconian (D)
  4 black draconians (D)
  3 green draconians (D)
  2 purple draconians (D)
  2 lorocyprocas (D)
  3 yellow draconians (D)
  2 white draconians (D)
  2 blizzard demons (D)
  Snorg (D)
  6 fire dragons (D)
  A deep elf high priest (D)
  2 merfolk javelineers (D)
  An ettin (D)
  3 merfolk impalers (D)
  2 yaktaur captains (D)
  A rakshasa (D)
  Erolcha (D)
  2 peacekeepers (D)
  An ogre mage (D)
  2 centaur warriors (D)
  4 hydras (D)
  2 ice dragons (D)
  A ghost crab (D)
  25 vault guards (D)
  Erica (D)
  An anaconda (D)
  A spriggan air mage (D)
  A merfolk aquamancer (D)
  2 merfolk avatars (D)
  An alligator (D)
  A boulder beetle (D)
  A deep troll earth mage (D)
  3 two-headed ogres (D)
  2 deep troll shamans (D)
  2 tengu warriors (D)
  Nergalle (D)
  A skyshark (D)
  5 hell knights (D)
  3 sun demons (D)
  A pharaoh ant (D)
  A salamander mystic (D)
  2 sixfirhies (D)
  A fire crab (shapeshifter) (D)
  A sun moth (D)
  7 swamp dragons (D)
  An orb spider (D)
  A goliath frog (D)
  2 lindwurms (D)
  2 glowing orange brains (D)
  An orb spider (shapeshifter) (D)
  A wizard (D)
  2 ironbound convokers (D)
  A necromancer (D)
  A lindwurm (shapeshifter) (D)
  A steelbarb worm (D)
  11 orc knights (D)
  A deep elf pyromancer (D)
  A wolf spider (D)
  2 cyclopes (D)
  A manticore (shapeshifter) (D)
  A will-o-the-wisp (D)
  A manticore (D)
  5 moths of wrath (D)
  An orc sorcerer (D)
  An elephant (D)
  3 black mambas (D)
  2 guardian serpents (D)
  Joseph (D)
  3 orange demons (D)
  5 naga magi (D)
  A vault sentinel (D)
  5 smoke demons (D)
  A demonic crawler (D)
  3 cane toads (D)
  2 rime drakes (D)
  2 efreet (D)
  A hellion (D)
  A tormentor (D)
  An ice devil (D)
  A red devil (D)
  3 hellwings (D)
  A polar bear (D)
  A queen bee (shapeshifter) (D)
  4 tyrant leeches (D)
  2 merfolk (D)
  A dream sheep (D)
  A small abomination (D)
  4 slime creatures (D)
  A yak (D)
  A ynoxinul (D)
  Eustachio (D)
  2 golden eyes (D)
  2 vampire mosquitoes (D)
  2 hogs (D)
  4 neqoxecs (D)
  A redback (D)
  3 large abominations (D)
  2 nagas (D)
  An acid dragon (D)
  4 water moccasins (D)
  16 orc warriors (D)
  A swamp drake (D)
  A boggart (D)
  A centaur (D)
  2 wolves (D)
  2 bullfrogs (D)
  A howler monkey (D)
  A hound (D)
  2 orc priests (D)
  6 orc wizards (D)
  3 adders (D)
  A white imp (D)
  2 worms (D)
  4 orcs (D)
  A bat (D)
  An endoplasm (D)
  A giant cockroach (D)
  A goblin (D)
  A ball python (D)
412 creatures vanquished.

Vanquished Creatures (collateral kills)
  A tentacled monstrosity (D)
  2 Orb Guardians (D)
  A sphinx (D)
  A shadow dragon (D)
  A storm dragon (D)
  A fire giant (D)
  A frost giant (D)
  An emperor scorpion (D)
  A very ugly thing (D)
  A war gargoyle (D)
  A stone giant (D)
  An ironbound preserver (D)
  An entropy weaver (D)
  A great orb of eyes (D)
  A hydra (D)
  An ironbound frostheart (D)
  A spriggan air mage (D)
  A jorogumo (D)
  2 merfolk aquamancers (D)
  A deep troll shaman (D)
  A spriggan berserker (D)
  A hell knight (D)
  A pharaoh ant (D)
  2 sea snakes (D)
  An orc knight (D)
  A cyclops (D)
  A manticore (D)
  4 ugly things (D)
  2 vault sentinels (D)
  3 moths of wrath (D)
  A water nymph (D)
  A demonic crawler (D)
  A yaktaur (D)
  2 wind drakes (D)
  A snapping turtle (D)
45 creatures vanquished.

Vanquished Creatures (others)
  Ilsuiw (D)
  A spriggan druid (D)
  A swamp dragon (D)
  A will-o-the-wisp (D)
  A tyrant leech (D)
  A hornet (D)
  A spriggan (D)
  2 humans (D)
  3 foxfires (D)
12 creatures vanquished.

Grand Total: 469 creatures vanquished

Notes
Turn   | Place    | Note
-------+----------+-------------------------------------------
     0 | D        | retardedninja the Minotaur Fighter began the quest for the
                  | Orb.
     0 | D        | Reached XP level 1. HP: 19/19 MP: 0/0
    14 | D        | Noticed a hound
    17 | D        | Reached XP level 2. HP: 23/28 MP: 1/1
    25 | D        | Reached skill level 5 in Fighting
    28 | D        | Reached skill level 5 in Armour
    28 | D        | Reached skill level 5 in Shields
    28 | D        | Reached XP level 3. HP: 22/37 MP: 2/2
   251 | D        | Found a snail-covered altar of Cheibriados.
   251 | D        | Found a shadowy altar of Dithmenos.
   251 | D        | Found a white marble altar of Elyvilon.
   251 | D        | Found a blossoming altar of Fedhas.
   251 | D        | Found an opulent altar of Gozag.
   252 | D        | Found a hazy altar of Hepliaklqana.
   253 | D        | Found a viscous altar of Jiyva.
   254 | D        | Found an ancient bone altar of Kikubaaqudgha.
   255 | D        | Found a corrupted altar of Lugonu.
   256 | D        | Found a burning altar of Makhleb.
   257 | D        | Found a sparkling altar of Nemelex Xobeh.
   258 | D        | Found an iron altar of Okawaru.
   259 | D        | Found a stormy altar of Qazlal.
   260 | D        | Found a sacrificial altar of Ru.
   261 | D        | Found a shimmering blue altar of Sif Muna.
   262 | D        | Found a bloodstained altar of Trog.
   263 | D        | Found a hide-covered altar of Uskayaw.
   264 | D        | Found a radiant altar of Vehumet.
   265 | D        | Found an ornate altar of the Wu Jian Council.
   266 | D        | Found a shimmering altar of Xom.
   267 | D        | Found a basalt altar of Yredelemnul.
   268 | D        | Found a glowing silver altar of Zin.
   269 | D        | Found a glowing golden altar of the Shining One.
   270 | D        | Became a worshipper of Trog the Wrathful
   327 | D        | Noticed a two-headed ogre
   327 | D        | Noticed a centaur
   327 | D        | Noticed a two-headed ogre
   327 | D        | Noticed a vampire mosquito
   332 | D        | Killed a two-headed ogre
   333 | D        | Reached skill level 10 in Fighting
   333 | D        | Reached XP level 4. HP: 9/53 MP: 3/3
   333 | D        | Reached XP level 5. HP: 10/59 MP: 4/4
   333 | D        | Reached XP level 6. HP: 12/67 MP: 5/5
   333 | D        | Reached XP level 7. HP: 13/73 MP: 6/6
   346 | D        | Killed a two-headed ogre
   347 | D        | Reached skill level 10 in Axes
   347 | D        | Reached skill level 10 in Armour
   347 | D        | Reached skill level 10 in Shields
   347 | D        | Reached XP level 8. HP: 23/83 MP: 7/7
   361 | D        | Reached * piety under Trog
   377 | D        | Reached ** piety under Trog
   378 | D        | Reached skill level 1 in Evocations
   661 | D        | Noticed a slime creature
   661 | D        | Noticed a deep elf pyromancer
   661 | D        | Noticed a cyclops
   661 | D        | Noticed a slime creature
   661 | D        | Noticed a two-headed ogre
   665 | D        | Killed a slime creature
   665 | D        | Killed a deep elf pyromancer
   665 | D        | Reached *** piety under Trog
   667 | D        | Killed a cyclops
   667 | D        | Killed a slime creature
   668 | D        | Reached XP level 9. HP: 80/93 MP: 8/8
   674 | D        | Killed a two-headed ogre
   674 | D        | Reached **** piety under Trog
   675 | D        | Reached skill level 5 in Dodging
  1063 | D        | Noticed an elephant
  1063 | D        | Noticed a rime drake
  1063 | D        | Noticed a rime drake
  1070 | D        | Killed an elephant
  1073 | D        | Killed a rime drake
  1078 | D        | Reached XP level 10. HP: 102/102 MP: 9/9
  1080 | D        | Reached ***** piety under Trog
  1092 | D        | Reached skill level 15 in Axes
  1120 | D        | Noticed a skyshark
  1120 | D        | Noticed a cane toad
  1120 | D        | Noticed a cane toad
  1122 | D        | Noticed a cane toad
  1132 | D        | Killed a skyshark
  1132 | D        | Received a gift from Trog
  1137 | D        | Killed a cane toad
  1144 | D        | HP: 5/104 [poisoned by a cane toad]
  1150 | D        | Killed a cane toad
  1155 | D        | Killed a cane toad
  1157 | D        | Reached skill level 5 in Evocations
  1158 | D        | Reached skill level 15 in Fighting
  1389 | D        | Noticed a lindwurm
  1389 | D        | Noticed a lindwurm
  1394 | D        | Killed a lindwurm
  1398 | D        | Reached ****** piety under Trog
  1399 | D        | Killed a lindwurm
  1400 | D        | Reached XP level 11. HP: 112/112 MP: 10/10
  1405 | D        | Received a gift from Trog
  1697 | D        | Received a gift from Trog
  1706 | D        | Noticed a stone giant
  1718 | D        | Killed a stone giant
  1723 | D        | Received a gift from Trog
  2156 | D        | Noticed an orc sorcerer
  2156 | D        | Noticed an orc knight
  2158 | D        | Noticed an orc knight
  2159 | D        | Received a gift from Trog
  2164 | D        | Killed an orc sorcerer
  2169 | D        | Killed an orc knight
  2175 | D        | Noticed an orc knight
  2177 | D        | Noticed an orc knight
  2178 | D        | Killed an orc knight
  2189 | D        | Killed an orc knight
  2189 | D        | Received a gift from Trog
  2190 | D        | Reached skill level 15 in Armour
  2195 | D        | Killed an orc knight
  2433 | D        | Found Piom's Distillery.
  2433 | D        | Noticed an orc knight
  2433 | D        | Noticed an orc knight
  2433 | D        | Noticed an orc knight
  2435 | D        | Noticed an orc knight
  2440 | D        | Killed an orc knight
  2441 | D        | Found Geiruv's Jewellery Shoppe.
  2443 | D        | Killed an orc knight
  2449 | D        | Killed an orc knight
  2449 | D        | Received a gift from Trog
  2451 | D        | Killed an orc knight
  2452 | D        | Reached skill level 10 in Dodging
  2452 | D        | Found Viraing's Magic Scroll Emporium.
  2463 | D        | Found Nureozxiamu's Antique Armour Shoppe.
  2467 | D        | Noticed an orc knight
  2468 | D        | Noticed an orc knight
  2475 | D        | Killed an orc knight
  2482 | D        | Killed an orc knight
  2483 | D        | Reached XP level 12. HP: 102/127 MP: 11/11
  2484 | D        | Received a gift from Trog
  2706 | D        | Bought 2 potions of might for 88 gold pieces
  2706 | D        | Bought a potion of might for 44 gold pieces
  2706 | D        | Bought a potion of mutation for 88 gold pieces
  2712 | D        | Bought a +5 ring of evasion for 432 gold pieces
  2790 | D        | Noticed Erolcha
  2792 | D        | Noticed Erica
  2804 | D        | Killed Erica
  2809 | D        | Killed Erolcha
  2810 | D        | Reached skill level 15 in Shields
  2831 | D        | Noticed Joseph
  2840 | D        | Killed Joseph
  3015 | D        | Noticed a four-headed hydra
  3015 | D        | Noticed a boulder beetle
  3015 | D        | Noticed a tengu warrior
  3018 | D        | Noticed a centaur warrior
  3029 | D        | Killed a four-headed hydra
  3029 | D        | Received a gift from Trog
  3032 | D        | Noticed a fire dragon
  3039 | D        | Killed a tengu warrior
  3044 | D        | Noticed a deep troll shaman
  3047 | D        | Killed a centaur warrior
  3048 | D        | Noticed a frost giant
  3051 | D        | Killed a fire dragon
  3061 | D        | Killed a deep troll shaman
  3061 | D        | Identified the +0 hand axe of Law {flame, Dex+5} (Trog
                  | gifted it to you in the Dungeon)
  3061 | D        | Received a gift from Trog
  3066 | D        | Killed a frost giant
  3534 | D        | Killed a boulder beetle
  3696 | D        | Noticed Kirke
  3706 | D        | Killed Kirke
  3707 | D        | Reached skill level 5 in Stealth
  3764 | D        | Received a gift from Trog
  3768 | D        | Reached XP level 13. HP: 126/140 MP: 12/12
  3802 | D        | Received a gift from Trog
  4130 | D        | Noticed an eleionoma
  4138 | D        | Killed an eleionoma
  4151 | D        | Noticed an emperor scorpion
  4160 | D        | Killed an emperor scorpion
  4560 | D        | Received a gift from Trog
  4570 | D        | Received a gift from Trog
  4946 | D        | Noticed Eustachio
  4953 | D        | Killed Eustachio
  4992 | D        | Noticed a green very ugly thing
  4992 | D        | Noticed an ettin
  4992 | D        | Noticed a fire giant
  4992 | D        | Noticed a frost giant
  4992 | D        | Noticed a fire giant
  4994 | D        | Killed a green very ugly thing
  5002 | D        | Killed a fire giant
  5006 | D        | Killed a frost giant
  5009 | D        | Killed a fire giant
  5019 | D        | Killed an ettin
  5024 | D        | Received a gift from Trog
  5031 | D        | Reached XP level 14. HP: 94/155 MP: 13/13
  5045 | D        | Noticed a stone giant
  5053 | D        | Killed a stone giant
  5311 | D        | Noticed a red very ugly thing
  5313 | D        | Noticed a sphinx
  5316 | D        | Noticed a white very ugly thing
  5320 | D        | Killed a red very ugly thing
  5332 | D        | Killed a sphinx
  5332 | D        | Received a gift from Trog
  5347 | D        | Killed a white very ugly thing
  5712 | D        | Noticed an ironbound preserver
  5725 | D        | Noticed a vault warden
  5728 | D        | Killed an ironbound preserver
  5728 | D        | Received a gift from Trog
  5762 | D        | Noticed an emperor scorpion
  5767 | D        | Killed an emperor scorpion
  6340 | D        | Killed a vault warden
  6353 | D        | Noticed a vault warden
  6356 | D        | Noticed a vault warden
  6358 | D        | Identified the +4 broad axe of Circular Logic {antimagic,
                  | rElec rN+ Stlth-} (Trog gifted it to you in the Dungeon)
  6358 | D        | Received a gift from Trog
  6360 | D        | Killed a vault warden
  6364 | D        | Killed a vault warden
  6463 | D        | Noticed a green very ugly thing
  6474 | D        | Killed a green very ugly thing
  7017 | D        | Noticed a vault warden
  7018 | D        | Noticed an ironbound preserver
  7029 | D        | Killed a vault warden
  7032 | D        | Killed an ironbound preserver
  7033 | D        | Identified the +5 broad axe of Trog's Anger {heavy, rElec
                  | rN+ Str+3 Dex+3} (Trog gifted it to you in the Dungeon)
  7033 | D        | Received a gift from Trog
  7690 | D        | Noticed Boris
  7702 | D        | Killed Boris
  7702 | D        | Received a gift from Trog
  8133 | D        | Noticed a nagaraja
  8133 | D        | Noticed a nagaraja
  8133 | D        | Noticed a nagaraja
  8136 | D        | Noticed a nagaraja
  8140 | D        | Killed a nagaraja
  8141 | D        | Noticed a nagaraja
  8144 | D        | Killed a nagaraja
  8148 | D        | Killed a nagaraja
  8148 | D        | Received a gift from Trog
  8150 | D        | Noticed a nagaraja
  8153 | D        | Noticed a nagaraja
  8154 | D        | Killed a nagaraja
  8217 | D        | Killed a nagaraja
  8218 | D        | Reached skill level 27 in Axes
  8218 | D        | Reached XP level 15. HP: 161/171 MP: 14/14
  8221 | D        | Killed a nagaraja
  8224 | D        | Killed a nagaraja
  8224 | D        | Received a gift from Trog
  8475 | D        | Noticed a nagaraja
  8483 | D        | Killed a nagaraja
  8532 | D        | Received a gift from Trog
  8548 | D        | Got a serpentine rune of Zot
  8671 | D        | Received a gift from Trog
  8700 | D        | Got a decaying rune of Zot
  8707 | D        | Noticed an emperor scorpion
  8715 | D        | Reached skill level 27 in Fighting
  8721 | D        | Received a gift from Trog
  8737 | D        | Killed an emperor scorpion
  8750 | D        | Noticed an emperor scorpion
  8762 | D        | Killed an emperor scorpion
  8783 | D        | Got a gossamer rune of Zot
  8791 | D        | Noticed Ilsuiw
  8792 | D        | Received a gift from Trog
  8811 | D        | Received a gift from Trog
  8818 | D        | Killed Ilsuiw
  9060 | D        | Received a gift from Trog
  9125 | D        | Got a barnacled rune of Zot
  9230 | D        | Reached skill level 1 in Throwing
  9231 | D        | Reached skill level 27 in Armour
  9238 | D        | Received a gift from Trog
  9249 | D        | Reached skill level 5 in Throwing
  9253 | D        | Reached skill level 27 in Shields
  9253 | D        | Received a gift from Trog
  9278 | D        | Reached skill level 1 in Short Blades
  9278 | D        | Reached skill level 1 in Long Blades
  9278 | D        | Reached skill level 1 in Maces & Flails
  9278 | D        | Reached skill level 1 in Polearms
  9278 | D        | Reached skill level 1 in Staves
  9280 | D        | Reached skill level 1 in Ranged Weapons
  9284 | D        | Reached skill level 1 in Unarmed Combat
  9287 | D        | Reached skill level 10 in Throwing
  9288 | D        | Received a gift from Trog
  9289 | D        | Reached skill level 1 in Invocations
  9293 | D        | Reached XP level 16. HP: 183/183 MP: 15/15
  9329 | D        | Noticed an ancient lich
  9330 | D        | Received a gift from Trog
  9350 | D        | Killed an ancient lich
  9350 | D        | Received a gift from Trog
  9352 | D        | Noticed a shadow dragon
  9360 | D        | Reached skill level 15 in Throwing
  9373 | D        | Noticed a shadow dragon
  9383 | D        | Identified the +7 dagger "Keerah" {flame, Fly} (Trog gifted
                  | it to you in the Dungeon)
  9383 | D        | Received a gift from Trog
  9397 | D        | Killed a shadow dragon
  9403 | D        | Killed a shadow dragon
  9408 | D        | Received a gift from Trog
  9444 | D        | Noticed a shadow dragon
  9444 | D        | Noticed a titan
  9444 | D        | Noticed a titan
  9444 | D        | Noticed a shadow dragon
  9447 | D        | Noticed a shadow dragon
  9449 | D        | Killed a shadow dragon
  9454 | D        | Killed a titan
  9457 | D        | Killed a titan
  9464 | D        | Received a gift from Trog
  9473 | D        | Killed a shadow dragon
  9481 | D        | Killed a shadow dragon
  9684 | D        | Noticed a shadow dragon
  9687 | D        | Identified the +0 leather armour of Divine Intervention
                  | {Harm Will+ Slay+2}
  9688 | D        | Killed a shadow dragon
  9690 | D        | Got a silver rune of Zot
  9715 | D        | Noticed Nergalle
  9721 | D        | Killed Nergalle
  9736 | D        | Noticed Margery
  9743 | D        | Killed Margery
  9743 | D        | Received a gift from Trog
  9769 | D        | Reached skill level 5 in Long Blades
  9778 | D        | Reached skill level 5 in Polearms
  9913 | D        | Got the ring of Laaklag {rElec Str+3}
  9915 | D        | Got the amulet "Hiodiry" {Faith rPois rC- Str+2 Int+3}
  9917 | D        | Got the amulet "Zukhys" {rElec rC+ Will+ Regen+}
  9919 | D        | Got the ring "Qebais" {Will+ Str+3 Slay+5}
  9921 | D        | Got the ring "Lafajod" {rElec rC+++ rCorr Str-2 Int+3}
 10075 | D        | Noticed Xtahua
 10077 | D        | Noticed Snorg
 10083 | D        | Killed Xtahua
 10084 | D        | Reached skill level 5 in Maces & Flails
 10084 | D        | Reached skill level 5 in Staves
 10089 | D        | Killed Snorg
 10089 | D        | Received a gift from Trog
 10117 | D        | Noticed Louise
 10130 | D        | Killed Louise
 10946 | D        | Noticed a golden dragon
 10954 | D        | Received a gift from Trog
 10970 | D        | Killed a golden dragon
 10990 | D        | Noticed a storm dragon
 10998 | D        | Killed a storm dragon
 10998 | D        | Received a gift from Trog
 10999 | D        | Reached XP level 17. HP: 191/191 MP: 18/18
 11049 | D        | Noticed a tentacled monstrosity
 11049 | D        | Noticed a tentacled monstrosity
 11052 | D        | Noticed an electric golem
 11055 | D        | Killed a tentacled monstrosity
 11059 | D        | Killed a tentacled monstrosity
 11059 | D        | Received a gift from Trog
 11065 | D        | Reached skill level 27 in Throwing
 11068 | D        | Reached skill level 5 in Short Blades
 11068 | D        | Reached skill level 5 in Ranged Weapons
 11081 | D        | Killed an electric golem
 11260 | D        | Noticed a tentacled monstrosity
 11260 | D        | Noticed a golden dragon
 11266 | D        | Killed a tentacled monstrosity
 11275 | D        | Noticed a tentacled monstrosity
 11276 | D        | Received a gift from Trog
 11277 | D        | Reached skill level 5 in Unarmed Combat
 11285 | D        | Killed a golden dragon
 11290 | D        | Killed a tentacled monstrosity
 11291 | D        | Reached skill level 5 in Invocations
 11322 | D        | Received a gift from Trog
 11433 | D        | Noticed an electric golem
 11437 | D        | Killed an electric golem
 11438 | D        | Noticed a tentacled monstrosity
 11442 | D        | Received a gift from Trog
 11446 | D        | Killed a tentacled monstrosity
 11660 | D        | Noticed a quicksilver dragon
 11662 | D        | Received a gift from Trog
 11662 | D        | Noticed a tentacled monstrosity
 11666 | D        | Killed a quicksilver dragon
 11668 | D        | Killed a tentacled monstrosity
 11679 | D        | Received a gift from Trog
 13139 | D        | Bought a potion of heal wounds for 55 gold pieces
 13139 | D        | Bought a potion of resistance for 110 gold pieces
 13145 | D        | Bought a scroll of enchant armour for 82 gold pieces
 14310 | D        | Noticed an Orb Guardian
 14310 | D        | Noticed an Orb Guardian
 14310 | D        | Noticed an Orb Guardian
 14310 | D        | Noticed an Orb Guardian
 14310 | D        | Noticed an Orb Guardian
 14310 | D        | Noticed an Orb Guardian
 14314 | D        | Killed an Orb Guardian
 14317 | D        | Killed an Orb Guardian
 14318 | D        | Reached skill level 15 in Dodging
 14321 | D        | Killed an Orb Guardian
 14327 | D        | Killed an Orb Guardian
 14328 | D        | Reached skill level 10 in Long Blades
 14328 | D        | Reached skill level 10 in Maces & Flails
 14328 | D        | Reached skill level 10 in Polearms
 14328 | D        | Reached skill level 10 in Staves
 14331 | D        | Killed an Orb Guardian
 14335 | D        | Killed an Orb Guardian
 14338 | D        | Noticed an Orb Guardian
 14339 | D        | Noticed an Orb Guardian
 14340 | D        | Noticed an Orb Guardian
 14349 | D        | Killed an Orb Guardian
 14350 | D        | Noticed an Orb Guardian
 14351 | D        | Killed an Orb Guardian
 14355 | D        | Killed an Orb Guardian
 14359 | D        | Killed an Orb Guardian
 14368 | D        | Noticed an Orb Guardian
 14368 | D        | Noticed an Orb Guardian
 14371 | D        | Received a gift from Trog
 14372 | D        | Noticed an Orb Guardian
 14381 | D        | Killed an Orb Guardian
 14382 | D        | Reached XP level 18. HP: 198/200 MP: 23/23
 14387 | D        | Killed an Orb Guardian
 14392 | D        | Noticed an Orb Guardian
 14396 | D        | Killed an Orb Guardian
 14397 | D        | Reached skill level 10 in Ranged Weapons
 14401 | D        | Killed an Orb Guardian
 14476 | D        | Noticed an ancient lich
 14481 | D        | Killed an ancient lich
 14481 | D        | Received a gift from Trog
 14483 | D        | Noticed an orb of fire
 14496 | D        | Killed an orb of fire
 14752 | D        | Noticed an electric golem
 14762 | D        | Killed an electric golem
 14763 | D        | Reached skill level 10 in Evocations
 14833 | D        | Noticed an electric golem
 14833 | D        | Noticed an orb of fire
 14833 | D        | Noticed an electric golem
 14833 | D        | Noticed an electric golem
 14833 | D        | Noticed an electric golem
 14833 | D        | Noticed a golden dragon
 14837 | D        | Noticed an orb of fire
 14842 | D        | Killed an electric golem
 14869 | D        | Killed an electric golem
 14870 | D        | Reached skill level 10 in Stealth
 14870 | D        | Gained mutation: You are clumsy. (Dex -2) [an orb of fire]
 14871 | D        | Killed an orb of fire
 14877 | D        | Killed an orb of fire
 14878 | D        | Reached skill level 10 in Unarmed Combat
 14883 | D        | Killed an electric golem
 15086 | D        | Noticed an electric golem
 15087 | D        | Killed an electric golem
 15093 | D        | Killed an electric golem
 15097 | D        | Killed a golden dragon
 15097 | D        | Received a gift from Trog
 15098 | D        | Reached skill level 27 in Dodging
 15135 | D        | Noticed an Orb Guardian
 15137 | D        | Noticed an Orb Guardian
 15149 | D        | Killed an Orb Guardian
 15151 | D        | Killed an Orb Guardian
 15165 | D        | Noticed an ancient lich
 15171 | D        | Killed an ancient lich
 15172 | D        | Noticed an orb of fire
 15186 | D        | Killed an orb of fire
 15461 | D        | Noticed an Orb Guardian
 15461 | D        | Noticed an Orb Guardian
 15461 | D        | Noticed an Orb Guardian
 15461 | D        | Noticed an Orb Guardian
 15461 | D        | Noticed an Orb Guardian
 15461 | D        | Noticed an Orb Guardian
 15467 | D        | Killed an Orb Guardian
 15468 | D        | Killed an Orb Guardian
 15470 | D        | Killed an Orb Guardian
 15470 | D        | Received a gift from Trog
 15475 | D        | Killed an Orb Guardian
 15477 | D        | Killed an Orb Guardian
 15481 | D        | Killed an Orb Guardian
 15485 | D        | Noticed an Orb Guardian
 15486 | D        | Noticed an Orb Guardian
 15487 | D        | Noticed an Orb Guardian
 15488 | D        | Noticed an Orb Guardian
 15490 | D        | Killed an Orb Guardian
 15490 | D        | Received a gift from Trog
 15491 | D        | Reached skill level 15 in Stealth
 15491 | D        | Reached skill level 15 in Evocations
 15494 | D        | Killed an Orb Guardian
 15497 | D        | Killed an Orb Guardian
 15497 | D        | Noticed an Orb Guardian
 15499 | D        | Killed an Orb Guardian
 15501 | D        | Killed an Orb Guardian
 15503 | D        | Noticed an Orb Guardian
 15507 | D        | Killed an Orb Guardian
 15525 | D        | Got the Orb of Zot
 15773 | D        | Received a gift from Trog
 15956 | D        | Received a gift from Trog
 15962 | D        | Reached XP level 19. HP: 191/207 MP: 25/25
 15987 | D        | Noticed a Tzitzimitl
 15995 | D        | Killed a Tzitzimitl
 16055 | D        | Gained mutation: You are very clumsy. (Dex -4) [a neqoxec]
 16175 | D        | Received a gift from Trog
 16326 | D        | Noticed Sonosh the pandemonium lord
 16336 | D        | Killed Sonosh the pandemonium lord
 16355 | D        | Received a gift from Trog
 16453 | D        | Received a gift from Trog
 16509 | D        | Noticed a Tzitzimitl
 16515 | D        | Killed a Tzitzimitl
 16628 | D        | Noticed Boris
 16639 | D        | Killed Boris
 16639 | D        | Received a gift from Trog
 16751 | D        | Received a gift from Trog
 16883 | D        | Noticed a Tzitzimitl
 16894 | D        | Killed a Tzitzimitl
 16974 | D        | Noticed a Brimstone Fiend
 16982 | D        | Killed a Brimstone Fiend
 17167 | D        | Noticed a profane servitor
 17174 | D        | Killed a profane servitor
 17175 | D        | Reached skill level 10 in Invocations
 17198 | D        | Gained mutation: You are dopey. (Int -2) [a neqoxec]
 17198 | D        | Gained mutation: You occasionally lose the ability to drink
                  | potions when taking damage. [a neqoxec]
 17200 | D        | Identified the +6 broad axe "Lifebane" {heavy, rPois Str+3
                  | Dex+4} (Trog gifted it to you in the Dungeon)
 17200 | D        | Received a gift from Trog
 17356 | D        | Received a gift from Trog
 17428 | D        | Gained mutation: You sometimes lose your temper in combat.
                  | [a neqoxec]
 17451 | D        | Noticed a seraph
 17462 | D        | Killed a seraph
 17467 | D        | Received a gift from Trog
 17526 | D        | Escaped with the Orb!

Illustrated notes

Levels and vault maps discovered:
D:        linesprint [early_d, line_temple, items_1, d_10, items_2, lair_1,
          lair_end, items_3, orc_1, orc_end, items_4, d_15, swamp_1, shoals_1,
          snake_1, spider_1, d_20, vaults_1, items_5, swamp_end, shoals_end,
          snake_end, spider_end, vaults_end, d_27, items_6, zot_1, zot_end,
          crypt_end, forest_end, elf_end, slime_end, tomb_end, abyss_end,
          pan_hell_end]

Skill      XL: |  1  2  3  4  5  6  7  8  9 10 11 12 13 14 15 16 17 18 19 |
---------------+----------------------------------------------------------+-----
Fighting       | 4 6 10 11 13 15 17 20 22 26 27 | 27.0
Armour         | 4 5 9 10 11 12 13 15 17 20 23 27 | 27.0
Shields        | 4 5 9 10 12 13 14 16 18 21 27 | 27.0
Axes           | 3 9 10 13 14 16 19 22 24 27 | 27.0
Dodging        | 2 3 4 5 8 10 11 12 13 18 27 | 27.0
Stealth        | 2 3 4 5 6 9 17 23 | 23.1
Evocations     | 2 3 5 6 9 17 23 | 23.0
Throwing       | 10 24 27 | 27.0
Short Blades   | 1 4 9 |  9.8
Long Blades    | 1 5 10 | 10.3
Maces & Flails | 1 5 10 | 10.2
Polearms       | 1 5 10 | 10.2
Staves         | 1 5 10 | 10.2
Ranged Weapons | 1 4 9 11 12 | 12.2
Unarmed Combat | 1 3 9 10 11 | 11.0
Invocations    | 1 3 8 9 10 | 10.0

Action                     |  1- 3 |  4- 6 |  7- 9 | 10-12 | 13-15 | 16-18 | 19-21 || total
---------------------------+-------+-------+-------+-------+-------+-------+-------++-------
  Melee: War axe           |    22 |       |       |       |       |       |       ||    22
         Headbutt          |     2 |       |     2 |    27 |    76 |   129 |    45 ||   281
         Broad axe         |     3 |       |    30 |   201 |   319 |   479 |   175 ||  1207
         Executioner's axe |       |       |       |       |    19 |       |       ||    19
  Throw: Javelin           |       |       |       |       |       |    17 |       ||    17
 Invoke: Trog's Hand       |       |       |       |     6 |     3 |     3 |     1 ||    13
         Berserk           |       |       |       |     5 |     2 |     3 |     2 ||    12
         Brothers in Arms  |       |       |       |     5 |    10 |    13 |       ||    28
  Evoke: Wand              |       |       |    10 |       |       |       |       ||    10
    Use: Potion            |     2 |       |     5 |     8 |    11 |     3 |     7 ||    36
         Scroll            |       |       |     1 |     1 |    13 |     4 |       ||    19
   Stab: Invisible         |     1 |       |       |       |       |       |       ||     1
 Armour: Scale mail        |    16 |       |    10 |    26 |       |       |       ||    52
         Plate armour      |       |       |       |    20 |    76 |       |       ||    96
         Gold dragon scale |       |       |       |       |    75 |   218 |    52 ||   345
  Dodge: Dodged            |    15 |       |    17 |   111 |   167 |   152 |    23 ||   485
  Block: Buckler           |     4 |       |    14 |    60 |    56 |       |       ||   134
         Tower shield      |       |       |       |       |   147 |   514 |   130 ||   791

Table legend: (Time is in decaauts) A = Elapsed time spent in this place. B = Non-inter-level travel time spent in this place. C = Inter-level travel time spent in this place. D = Time resting spent in this place. E = Time spent auto-exploring this place. F = Levels seen in this place. G = Mean time per level. A B C D E F G +--------+--------+--------+--------+--------+-----+--------+ Total | 17584 | 13581 | 4003 | 7104 | 2 | 1 | 17584.0 | Dungeon | 17584 | 13581 | 4003 | 7104 | 2 | 1 | 17584.0 | +--------+--------+--------+--------+--------+-----+--------+

Top non-repeatable levels by time:
       D: 17584 daAuts
